 Dungeon Crawl Stone Soup version 0.27.0-1-g7a089689b8 (webtiles) character file.

Game seed: 9438099070864310859

7 mckennr the Poker (level 1, 0/18 HPs)
             Began as a Minotaur Gladiator on Aug 17, 2021.
             Slain by a kobold (3 damage)
             ... on level 1 of the Dungeon.
             The game lasted 00:02:49 (76 turns).

mckennr the Poker (Minotaur Gladiator)                Turns: 76, Time: 00:02:50

Health: 0/18       AC:  3    Str: 18    XL:     1   Next: 91%
Magic:  0/0        EV: 12    Int:  5    God:
Gold:   0          SH:  0    Dex: 11    Spells: 0/0 levels left

rFire    . . .     SeeInvis .   a - +0 trident
rCold    . . .     Faith    .   (no shield)
rNeg     . . .     Spirit   .   b - +0 leather armour
rPois    .         Reflect  .   c - +0 hat
rElec    .         Harm     .   (no cloak)
rCorr    .         Rampage  .   (no gloves)
Will     .....                  (no boots)
Stlth    +.........             (no amulet)
HPRegen  0.06/turn              (no ring)
MPRegen  0.07/turn              (no ring)

@: no status effects
A: horns 2, retaliatory headbutt
a: no special abilities


You were on level 1 of the Dungeon.
You visited 1 branch of the dungeon, and saw 1 of its levels.

Inventory:

Hand Weapons
 a - a +0 trident (weapon)
Missiles
 d - 3 throwing nets (quivered)
Armour
 b - a +0 leather armour (worn)
 c - a +0 hat (worn)


   Skills:
 + Level 2.6 Fighting
 + Level 3.7 Polearms
 + Level 2.2 Throwing
 + Level 3.4 Dodging


You couldn't memorise any spells.
You didn't know any spells.
Your spell library contained the following spells:

 Spells                   Type           Power      Damage    Failure   Level
 Sandblast                Erth           0%         2d4       54%         1
 Passwall                 Tmut/Erth      0%         N/A       67%         2
 Lee's Rapid Deconstruct  Erth           0%         3d5*      100%        5


Dungeon Overview and Level Annotations

Branches:
Dungeon (1/15)

Altars:


Innate Abilities, Weirdness & Mutations

You have a pair of horns on your head.
You reflexively headbutt those who attack you in melee.


Message History

The kobold closely misses you. You furiously retaliate!
You headbutt the kobold. You hit the kobold.
You kill the kobold!
A bat comes into view.
The jackal barely misses you.
The kobold throws a stone.
The stone barely misses you.
The stone barely misses the jackal.
The bat moves out of view.
The kobold hits you but does no damage. The jackal barely misses you.
You furiously retaliate!
You headbutt the jackal, but do no damage.
A kobold comes into view. It is wielding a +0 short sword.
Things that are here:
a +0 whip; a kobold corpse You puncture the kobold!
You kill the kobold!
A hobgoblin comes into view.
The jackal closely misses you. The endoplasm hits you.
The jackal closely misses you. You furiously retaliate!
You headbutt the jackal!
You kill the jackal!
You hit the endoplasm.
The endoplasm is lightly wounded.
The jackal bites you. The endoplasm closely misses you.
The jackal closely misses you.
You puncture the endoplasm!
You kill the endoplasm!
The bat hits you. The jackal closely misses you. You furiously retaliate!
You headbutt the jackal, but do no damage.
The rat bites you. The jackal bites you.
You hit the hobgoblin but do no damage. The bat hits you.
The kobold hits you with a +0 dagger. The rat bites you.
The jackal bites you but does no damage.
The kobold misses you. You furiously retaliate!
You headbutt the kobold.
You kill the kobold!
The hobgoblin hits you.
* * * LOW HITPOINT WARNING * * *
You closely miss the hobgoblin. The jackal closely misses you.
The kobold hits you with a +0 dagger.
You die...

......
#####.....#...#
#....
#..>..##..##.##
.##....
#.#####..###.#.
.......###.#
..## #.#.
##.........#
..# ###.
#...###.####
.## #...###.#
.. ......)h# .#
..##..K@#
#..rgb.#
####.....#
.........
......###
.........
.......#..
..........#


You could see a jackal, a hobgoblin, a bat, a kobold and a rat.

Vanquished Creatures
  An endoplasm (D:1)
  A hobgoblin (D:1)
  A jackal (D:1)
  3 kobolds (D:1)
  A bat (D:1)
7 creatures vanquished.

Notes
Turn   | Place    | Note
-------+----------+-------------------------------------------
     0 | D:1      | mckennr the Minotaur Gladiator began the quest for the Orb.
     0 | D:1      | Reached XP level 1. HP: 18/18 MP: 0/0
    76 | D:1      | Slain by a kobold

Illustrated notes

Levels and vault maps discovered:
D:1:      dpeg_arrival_rhombus, layout_rooms, chequers_ecumenical_altar_island

Action                   || total
-------------------------++-------
Melee: Trident           ||    10
       Headbutt          ||     1
Armor: Leather armour    ||     2
Dodge: Dodged            ||    16
